Map: Old Estate

Players

Джедай

  • Race: Protoss Protoss
  • League: Gold
  • Spawn Location: 1:00

Krakapouk

  • Race: Zerg Zerg
  • Spawn Location: 1:00

Sergey

  • Race: Protoss Protoss
  • Spawn Location: 3:00

quies

  • Race: Zerg Zerg
  • Spawn Location: 3:00

Silver - Winner!

  • Race: Protoss Protoss
  • League: Silver
  • Spawn Location: 7:00

ingir - Winner!

  • Race: Protoss Protoss
  • League: Platinum
  • Spawn Location: 9:00

RyuKey - Winner!

  • Race: Terran Terran
  • League: Diamond
  • Spawn Location: 7:00

Panito - Winner!

  • Race: Terran Terran
  • League: Gold
  • Spawn Location: 7:00

VOD

Have the link to the VOD?

Description

Time

  • Played on: June 5, 2020, 11:57 a.m.
  • Length: 21:47
Show
View Real Time Build Order
Export as new Build Order

Джедай Protoss 

Build Orders: Carriers 

Get SALT Encoding   

  12  0:01  Probe (Chrono Boost)  
  13  0:12  Probe (Chrono Boost)  
  14  0:22  Pylon  
  14  0:29  Assimilator  
  14  0:33  Assimilator  
  14  0:46  Forge  
  14  0:48  Probe  
  15  1:00  Probe (Chrono Boost)  
  17  1:13  Probe (Chrono Boost)  
  17  1:18  Probe (Chrono Boost)  
  17  1:22  Gateway  
  18  1:35  Photon Cannon  
  18  1:38  Probe  
  19  1:50  Probe  
  19  1:53  Pylon  
  20  2:01  Pylon  
  20  2:05  Probe  
  21  2:19  Cybernetics Core  
  21  2:24  Probe (Chrono Boost)  
  22  2:35  Probe (Chrono Boost)  
  23  2:40  Photon Cannon  
  23  2:46  Pylon  
  23  2:53  Pylon  
  23  3:03  Probe  
  24  3:15  Probe  
  24  3:19  Pylon  
  25  3:27  Probe  
  26  3:36  Nexus  
  26  3:42  Assimilator  
  26  3:47  Assimilator  
  26  3:55  Stargate  
  26  4:03  Stargate  
  26  4:07  Probe (Chrono Boost)  
  28  4:18  Probe (Chrono Boost)  
  28  4:28  Protoss Air Weapons Level 1 (Chrono Boost)  
  28  4:33  Pylon  
  28  4:39  Stargate  
  28  4:49  Fleet Beacon  
  28  4:54  Probe (Chrono Boost)  
  29  5:04  Probe (Chrono Boost)  
  30  5:09  Probe (Chrono Boost)  
  30  5:11  Cybernetics Core  
  31  5:20  Photon Cannon  
  31  5:22  Void Ray (Chrono Boost)  
  35  5:32  Probe  
  36  5:44  Probe  
  37  5:54  Carrier (Chrono Boost)  
  37  5:56  Probe  
  38  6:03  Probe, Protoss Air Armor Level 1 (Chrono Boost)  
  45  6:08  Probe  
  46  6:17  Probe  
  47  6:21  Probe  
  48  6:29  Probe  
  49  6:33  Probe  
  56  6:41  Probe  
  56  6:43  Carrier (Chrono Boost)  
  56  6:45  Probe  
  58  6:53  Probe  
  59  7:03  Carrier (Chrono Boost)  
  71  7:10  Carrier (Chrono Boost)  
  71  7:30  Nexus  
  71  7:34  Pylon  
  71  7:35  Protoss Air Weapons Level 2 (Chrono Boost)  
  71  7:38  Pylon  
  71  7:42  Assimilator  
  71  7:58  Photon Cannon  
  71  8:15  Carrier x2  
  83  8:24  Assimilator  
  83  8:42  Protoss Air Armor Level 2 (Chrono Boost)  
  83  8:49  Probe (Chrono Boost)  
  84  8:58  Tempest  
  84  9:00  Probe (Chrono Boost)  
  90  9:05  Probe (Chrono Boost)  
  91  9:16  Probe  
  91  9:17  Robotics Facility  
  92  9:29  Carrier  
  92  9:32  Carrier  
  104  9:42  Mothership  
  112  9:47  Pylon  
  112  9:52  Pylon  
  112  9:59  Pylon  
  112  10:03  Pylon  
  112  10:05  Pylon  
  112  10:14  Pylon  
  112  10:29  Carrier  
  114  10:38  Protoss Air Weapons Level 3 (Chrono Boost)  
  108  10:54  Carrier  
  114  11:00  Carrier  
  120  11:33  Carrier  
  126  11:58  Carrier  
  132  12:10  Protoss Air Armor Level 3 (Chrono Boost)  
  132  12:30  Observer  
  47  13:58  Carrier x3 (Chrono Boost)  
  65  14:23  Mothership (Chrono Boost)  
  65  14:24  Stargate  
  91  14:52  Carrier (Chrono Boost)  
  91  14:53  Carrier (Chrono Boost)  
  91  14:54  Carrier (Chrono Boost)  
  91  15:30  Carrier (Chrono Boost)  
  97  15:45  Carrier x3 (Chrono Boost)  
  115  16:24  Observer  
  116  16:28  Carrier  
  122  16:43  Carrier x3  
  78  17:32  Carrier  
  82  17:47  Carrier  
  86  18:08  Carrier x2  
  39  20:00  Nexus  
  39  20:01  Carrier x2  
Show
View Real Time Build Order
Export as new Build Order

Krakapouk Zerg 

Build Orders: Pool First, Roach Hydra 

Get SALT Encoding   

  12  0:01  Drone  
  13  0:08  Drone  
  14  0:20  Overlord  
  14  0:26  Overlord  
  14  0:44  Drone  
  14  0:45  Drone  
  16  0:51  Drone  
  17  0:58  Spawning Pool  
  17  1:01  Drone  
  17  1:07  Extractor  
  17  1:09  Drone  
  17  1:15  Extractor  
  16  1:19  Drone  
  17  1:29  Drone  
  19  1:40  Drone  
  19  1:45  Queen  
  21  1:52  Roach Warren  
  21  1:53  Drone  
  21  2:03  Drone  
  22  2:15  Drone  
  23  2:22  Drone  
  24  2:41  Hatchery  
  24  2:42  Roach  
  25  2:46  Roach  
  27  2:52  Lair  
  27  3:02  Roach  
  27  3:03  Overlord  
  27  3:04  Overlord  
  29  3:25  Roach  
  29  3:26  Roach x2  
  35  3:39  Roach x2  
  35  3:40  Roach  
  41  4:21  Queen  
  43  4:25  Drone x6  
  43  4:26  Drone x2  
  51  4:44  Glial Reconstitution  
  51  4:46  Hydralisk Den  
  51  4:48  Roach  
  51  4:50  Overlord x2  
  52  5:11  Extractor  
  51  5:14  Extractor  
  51  5:20  Roach x5  
  62  5:21  Roach  
  62  5:34  Evolution Chamber  
  61  6:01  Hatchery  
  60  6:08  Drone x5  
  60  6:09  Drone x2  
  67  6:12  Tunneling Claws  
  67  6:14  Grooved Spines  
  67  6:18  Zerg Missile Weapons Level 1  
  67  6:32  Burrow  
  67  6:45  Overlord x3  
  67  6:46  Overlord  
  67  6:48  Drone  
  68  7:17  Drone  
  68  7:18  Drone x3  
  68  7:19  Drone  
  68  7:20  Hydralisk x3  
  68  7:22  Hydralisk  
  79  7:25  Drone  
  82  7:37  Muscular Augments  
  82  7:48  Evolution Chamber  
  81  7:53  Hydralisk x4  
  89  7:59  Hydralisk  
  91  8:18  Drone x3  
  91  8:19  Drone x6  
  101  8:20  Drone  
  101  8:21  Drone  
  102  8:43  Zerg Ground Armor Level 1  
  102  8:44  Zerg Missile Weapons Level 2  
  102  8:55  Infestation Pit  
  101  8:59  Hydralisk x2  
  101  9:01  Overlord  
  101  9:02  Overlord x4  
  105  9:04  Drone  
  106  9:25  Drone  
  106  9:26  Drone x2  
  106  9:30  Extractor  
  108  9:34  Extractor  
  108  9:36  Hydralisk x2  
  108  9:37  Hydralisk x5  
  121  9:47  Drone x4  
  121  9:48  Drone x3  
  128  10:01  Overseer x2  
  128  10:02  Overseer x2  
  128  10:29  Hydralisk x6  
  128  10:30  Hydralisk x3  
  128  10:32  Overlord x2  
  128  10:33  Overlord x2  
  96  11:25  Hydralisk x3  
  96  11:26  Hydralisk x6  
  114  12:00  Hydralisk x2  
  114  12:01  Hydralisk x5  
  118  12:02  Hydralisk x2  
  132  12:48  Hatchery  
  95  13:29  Hydralisk  
  95  13:30  Hydralisk x6  
  95  13:31  Hydralisk x5  
  95  13:32  Hydralisk x6  
  95  13:33  Hydralisk x2  
  55  14:26  Drone x2  
  55  14:27  Drone x5  
  55  14:28  Hatchery, Drone x2  
  53  15:02  Hatchery, Drone  
  53  15:03  Drone x6  
  53  15:04  Drone x2  
  61  15:26  Lair  
  61  15:30  Hydralisk x3  
  61  15:31  Hydralisk x5  
  77  15:42  Extractor  
  76  15:45  Extractor  
  75  16:15  Hydralisk x3  
  75  16:16  Hydralisk x5  
  75  16:17  Hydralisk  
  93  16:24  Queen  
  95  16:45  Spire  
  94  16:49  Spire  
  93  16:55  Hydralisk x5  
  93  16:56  Hydralisk x5  
  48  18:48  Drone  
  45  19:16  Zergling x6  
  29  19:59  Hydralisk x2  
  29  20:00  Hydralisk x4  
  29  20:01  Hydralisk x6  
  29  20:02  Hydralisk x3  
Show
View Real Time Build Order
Export as new Build Order

Sergey Protoss 

Build Orders: Carriers 

Get SALT Encoding   

  12  0:02  Probe  
  13  0:14  Probe  
  13  0:20  Pylon  
  14  0:27  Probe  
  15  0:39  Probe  
  16  0:51  Probe  
  17  1:06  Nexus  
  17  1:11  Probe  
  18  1:21  Forge  
  18  1:24  Probe  
  19  1:28  Assimilator  
  19  1:42  Assimilator  
  19  1:44  Probe (Chrono Boost)  
  19  1:45  Pylon  
  20  1:56  Probe (Chrono Boost)  
  21  2:03  Probe (Chrono Boost)  
  22  2:08  Gateway  
  22  2:10  Probe  
  23  2:18  Photon Cannon  
  23  2:26  Photon Cannon  
  23  2:38  Photon Cannon  
  23  2:56  Probe x2 (Chrono Boost)  
  27  3:06  Probe x2 (Chrono Boost)  
  27  3:11  Probe x2 (Chrono Boost)  
  27  3:18  Cybernetics Core  
  29  3:22  Probe (Chrono Boost)  
  29  3:23  Probe (Chrono Boost), Pylon  
  29  3:25  Pylon  
  33  3:34  Probe (Chrono Boost)  
  33  3:35  Probe (Chrono Boost)  
  33  3:41  Probe x2 (Chrono Boost)  
  33  3:43  Assimilator  
  33  3:47  Pylon  
  35  3:48  Probe x2  
  35  3:53  Assimilator  
  37  3:59  Pylon  
  37  4:13  Nexus  
  37  4:18  Pylon  
  37  4:24  Pylon  
  37  4:30  Photon Cannon  
  37  4:35  Photon Cannon  
  37  4:36  Photon Cannon  
  37  4:44  Photon Cannon  
  37  4:50  Probe (Chrono Boost)  
  37  4:51  Probe (Chrono Boost)  
  41  5:00  Probe x2 (Chrono Boost)  
  41  5:01  Stargate  
  41  5:04  Stargate  
  41  5:05  Probe (Chrono Boost)  
  41  5:12  Stargate  
  42  5:18  Pylon  
  42  5:26  Probe (Chrono Boost)  
  42  5:27  Probe (Chrono Boost)  
  42  5:28  Probe (Chrono Boost)  
  46  5:37  Probe x2 (Chrono Boost)  
  46  5:38  Probe (Chrono Boost)  
  46  5:42  Probe x3 (Chrono Boost)  
  51  5:52  Probe x2, Fleet Beacon  
  51  5:53  Probe  
  51  5:55  Stargate  
  54  6:01  Stargate  
  54  6:05  Pylon  
  54  6:08  Pylon  
  54  6:13  Assimilator  
  54  6:16  Photon Cannon  
  54  6:19  Photon Cannon  
  54  6:25  Photon Cannon  
  54  6:29  Photon Cannon  
  54  6:31  Pylon  
  54  6:33  Assimilator  
  54  6:42  Pylon  
  54  6:47  Tempest  
  54  6:49  Tempest  
  64  6:56  Pylon  
  64  6:58  Shield Battery  
  64  7:00  Shield Battery  
  64  7:07  Photon Cannon  
  64  7:11  Photon Cannon  
  64  7:14  Shield Battery  
  64  7:16  Tempest  
  69  7:23  Tempest  
  74  7:32  Probe (Chrono Boost)  
  75  7:42  Probe (Chrono Boost), Tempest  
  81  7:45  Tempest  
  81  7:47  Probe (Chrono Boost)  
  87  7:52  Protoss Shields Level 1  
  87  7:58  Probe, Photon Cannon  
  87  8:02  Protoss Air Weapons Level 1, Photon Cannon  
  87  8:04  Pylon  
  88  8:10  Probe  
  89  8:14  Tempest  
  94  8:21  Pylon  
  94  8:25  Stargate  
  94  8:29  Stargate  
  94  8:32  Pylon  
  94  8:39  Tempest  
  94  8:40  Tempest  
  104  8:59  Carrier  
  104  9:00  Carrier  
  116  9:24  Carrier  
  116  9:25  Carrier  
  128  9:56  Carrier, Pylon  
  134  10:01  Carrier x2  
  146  10:07  Tempest  
  146  10:10  Carrier  
  152  10:38  Carrier  
  152  10:39  Carrier  
  164  10:55  Tempest  
  169  11:06  Pylon  
  169  11:07  Pylon  
  169  11:11  Nexus  
  169  11:14  Assimilator  
  169  11:18  Assimilator  
  164  11:21  Tempest, Pylon  
  164  11:24  Pylon  
  169  11:31  Tempest  
  174  11:57  Photon Cannon  
  174  11:58  Photon Cannon  
  174  12:01  Photon Cannon x2  
  174  12:03  Photon Cannon  
  174  12:05  Shield Battery  
  174  12:07  Shield Battery, Pylon  
  174  12:32  Probe (Chrono Boost)  
  175  12:42  Probe (Chrono Boost)  
  176  12:47  Mothership (Chrono Boost)  
  176  12:49  Probe (Chrono Boost)  
  186  13:01  Probe (Chrono Boost)  
  186  13:10  Probe  
  145  14:33  Tempest x4  
  145  14:34  Tempest x3  
  102  15:02  Nexus  
  102  15:06  Photon Cannon  
  94  15:07  Photon Cannon  
  88  15:16  Tempest x2  
  88  15:20  Tempest  
  88  15:21  Tempest x4  
  98  15:59  Tempest x2  
  98  16:03  Tempest x2  
  98  16:04  Tempest x3  
  130  16:41  Tempest x2  
  130  16:46  Tempest x3  
  130  16:47  Tempest  
  114  17:20  Tempest  
  114  17:24  Tempest x2  
  119  18:20  Tempest x2  
  119  18:21  Tempest x2  
  104  18:59  Tempest x3  
  119  19:03  Tempest  
  59  19:36  Tempest x3  
  74  19:42  Tempest x2  
  79  20:20  Tempest x3  
  79  20:21  Tempest x4  
  82  21:27  Photon Cannon  
Show
View Real Time Build Order
Export as new Build Order

quies Zerg 

Build Orders: Pool First, Swarm Host 

Get SALT Encoding   

  12  0:04  Drone  
  13  0:10  Drone  
  14  0:19  Extractor  
  14  0:20  Drone  
  14  0:37  Spawning Pool  
  14  0:40  Drone  
  14  1:00  Overlord x2  
  14  1:26  Drone  
  14  1:27  Drone x2  
  14  1:29  Metabolic Boost  
  17  1:35  Queen  
  19  1:45  Zergling x2  
  20  1:52  Zergling x2  
  21  2:01  Zergling x2  
  22  2:15  Zergling x2  
  23  2:26  Drone  
  24  2:30  Hatchery  
  22  2:51  Drone x2  
  24  3:01  Spine Crawler  
  24  3:02  Drone x2  
  25  3:06  Extractor  
  23  3:42  Drone x3  
  23  4:06  Drone x2  
  25  4:11  Lair  
  25  4:21  Evolution Chamber  
  25  4:22  Drone x3  
  25  4:24  Queen  
  27  4:28  Drone x2  
  32  4:45  Drone  
  32  4:46  Drone x4  
  32  4:49  Zerg Ground Armor Level 1  
  36  4:57  Overlord  
  36  5:08  Extractor  
  35  5:15  Drone  
  35  5:16  Drone x5  
  41  5:23  Extractor  
  40  5:32  Spore Crawler  
  40  5:33  Spore Crawler  
  38  5:36  Spore Crawler  
  29  5:46  Drone  
  29  5:47  Drone x2  
  32  5:55  Spine Crawler  
  31  6:02  Overseer  
  31  6:08  Drone x5  
  36  6:19  Hydralisk Den  
  35  6:32  Drone x3  
  38  6:33  Drone x6  
  44  6:43  Zerg Missile Weapons Level 1  
  44  6:58  Overlord x3  
  44  6:59  Overlord x2  
  44  7:12  Muscular Augments  
  44  7:17  Lurker Den  
  44  7:18  Hydralisk x6  
  44  7:19  Hydralisk  
  44  7:21  Hydralisk  
  59  7:32  Overseer  
  59  7:45  Hydralisk  
  59  7:46  Hydralisk x5  
  71  7:58  Overlord x2  
  71  8:09  Overseer  
  71  8:23  Grooved Spines  
  71  8:24  Hydralisk x2  
  71  8:25  Infestation Pit, Hydralisk x4  
  82  8:38  Zerg Melee Weapons Level 1  
  82  8:41  Lurker x3  
  85  8:57  Hatchery, Hydralisk x3, Extractor  
  85  9:01  Extractor  
  88  9:27  Hive  
  88  9:28  Hydralisk x2  
  88  9:29  Hydralisk x2  
  96  9:38  Drone  
  96  9:39  Drone x3  
  96  9:41  Overlord  
  100  9:48  Overlord  
  100  10:03  Zergling x4  
  100  10:04  Zergling x4  
  104  10:16  Spore Crawler  
  104  10:20  Spore Crawler  
  102  10:23  Spore Crawler  
  102  10:27  Spore Crawler  
  100  10:29  Drone x3  
  100  10:31  Drone  
  100  10:32  Zergling x2, Drone  
  104  10:53  Spore Crawler  
  103  10:57  Spore Crawler  
  103  10:58  Drone x4  
  106  11:07  Spore Crawler  
  105  11:25  Drone  
  106  11:26  Overlord  
  106  11:27  Overlord x3  
  106  11:39  Overlord x2  
  106  11:40  Overlord  
  106  11:51  Zergling x8  
  106  11:52  Zergling x2  
  111  11:57  Zerg Ground Armor Level 2  
  111  12:05  Drone x3  
  111  12:06  Drone  
  114  12:25  Burrow  
  100  12:46  Spore Crawler  
  100  12:47  Spore Crawler  
  98  12:55  Spore Crawler  
  98  12:57  Spore Crawler  
  96  13:05  Spine Crawler, Drone x3  
  98  13:09  Hydralisk x4  
  98  13:10  Hydralisk x5  
  110  13:58  Swarm Host  
  110  13:59  Swarm Host x5  
  110  14:00  Swarm Host x3  
  133  14:12  Zerg Missile Weapons Level 2  
  116  14:30  Hydralisk x2  
  101  15:09  Hydralisk x2  
  101  15:10  Hydralisk x5  
  101  15:11  Hydralisk x2  
  115  15:27  Drone  
  115  15:28  Queen  
  116  15:35  Queen  
  103  15:56  Hydralisk x4  
  105  15:57  Hydralisk x2  
  113  16:20  Drone x2  
  115  16:26  Zergling x2  
  97  17:03  Hydralisk x5  
  97  17:04  Hydralisk x2  
  98  17:19  Hydralisk x2  
  98  17:20  Hydralisk  
  104  17:41  Swarm Host x2  
  110  17:52  Lurker  
  110  17:53  Lurker x3  
  114  17:58  Drone  
  114  17:59  Drone  
  61  18:32  Spawning Pool, Drone  
  61  18:33  Drone x5  
  60  19:24  Hydralisk  
  60  19:25  Hydralisk x6  
  60  19:26  Hydralisk  
  76  19:45  Hydralisk x2  
  78  20:02  Hydralisk x2  
  82  20:13  Hydralisk  
  71  20:46  Zergling x6  
  48  21:13  Zergling x4  
Show
View Real Time Build Order
Export as new Build Order

Silver Protoss - Winner!

Build Orders: 1 Gate Expand, Carriers 

Get SALT Encoding   

  12  0:02  Probe  
  13  0:17  Pylon  
  13  0:27  Probe (Chrono Boost)  
  14  0:38  Probe (Chrono Boost)  
  15  0:42  Probe (Chrono Boost)  
  16  0:50  Gateway  
  16  1:20  Nexus  
  16  1:45  Probe (Chrono Boost)  
  17  1:47  Nexus  
  17  1:55  Probe (Chrono Boost)  
  18  2:04  Assimilator  
  18  2:08  Assimilator  
  18  2:11  Probe (Chrono Boost)  
  18  2:12  Cybernetics Core  
  19  2:30  Pylon  
  19  2:43  Probe  
  20  2:57  Probe (Chrono Boost)  
  21  3:01  Pylon  
  21  3:02  Probe (Chrono Boost)  
  22  3:08  Probe (Chrono Boost)  
  25  3:13  Probe x2 (Chrono Boost)  
  25  3:17  Probe (Chrono Boost)  
  25  3:19  Probe (Chrono Boost)  
  28  3:21  Probe (Chrono Boost)  
  28  3:29  Probe  
  28  3:31  Probe, Pylon  
  30  3:34  Forge  
  30  3:35  Warp Gate (Chrono Boost)  
  30  3:36  Probe  
  30  3:41  Probe (Chrono Boost)  
  32  3:53  Probe (Chrono Boost)  
  34  4:01  Probe (Chrono Boost)  
  34  4:02  Probe (Chrono Boost)  
  35  4:07  Probe x2  
  37  4:10  Photon Cannon  
  37  4:14  Stargate  
  37  4:19  Probe (Chrono Boost)  
  37  4:20  Stargate  
  39  4:24  Probe (Chrono Boost)  
  39  4:30  Probe (Chrono Boost)  
  40  4:33  Probe (Chrono Boost)  
  40  4:34  Probe (Chrono Boost)  
  42  4:42  Twilight Council  
  42  4:43  Probe (Chrono Boost)  
  42  4:45  Cybernetics Core  
  43  4:48  Probe (Chrono Boost)  
  43  4:49  Pylon  
  44  4:53  Assimilator  
  44  4:56  Probe (Chrono Boost)  
  44  4:58  Assimilator  
  46  5:01  Assimilator  
  46  5:02  Probe (Chrono Boost)  
  46  5:03  Probe (Chrono Boost)  
  46  5:04  Pylon  
  47  5:10  Probe x3  
  47  5:11  Assimilator  
  50  5:22  Probe (Chrono Boost)  
  50  5:23  Probe x2 (Chrono Boost), Protoss Air Weapons Level 1 (Chrono Boost)  
  50  5:26  Pylon  
  53  5:29  Pylon  
  53  5:34  Probe (Chrono Boost)  
  56  5:40  Probe x2 (Chrono Boost)  
  56  5:41  Probe (Chrono Boost)  
  57  5:46  Probe x2, Photon Cannon  
  57  5:48  Probe  
  60  5:54  Photon Cannon  
  60  5:58  Probe x2  
  60  5:59  Protoss Shields Level 1  
  60  6:00  Probe  
  63  6:08  Void Ray x2  
  63  6:09  Protoss Air Armor Level 1 (Chrono Boost)  
  63  6:10  Probe  
  72  6:12  Probe  
  73  6:18  Photon Cannon  
  73  6:28  Probe (Chrono Boost), Pylon  
  73  6:31  Pylon  
  74  6:36  Photon Cannon  
  74  6:39  Probe (Chrono Boost)  
  75  6:41  Shield Battery  
  75  6:43  Probe (Chrono Boost)  
  76  6:48  Photon Cannon  
  76  6:51  Shield Battery  
  76  6:54  Shield Battery  
  76  6:55  Probe  
  76  6:57  Void Ray  
  76  6:59  Void Ray  
  85  7:07  Probe  
  86  7:27  Pylon  
  86  7:31  Pylon  
  86  7:33  Pylon  
  86  7:35  Pylon  
  86  7:36  Shield Battery  
  86  7:38  Pylon  
  86  7:45  Void Ray x2, Fleet Beacon  
  86  7:46  Pylon  
  86  7:48  Pylon  
  94  7:51  Charge (Chrono Boost)  
  94  7:52  Pylon  
  94  7:54  Pylon  
  94  8:13  Photon Cannon  
  94  8:17  Photon Cannon  
  94  8:22  Stargate  
  94  8:24  Stargate  
  94  8:25  Stargate  
  94  8:29  Flux Vanes  
  94  8:30  Stargate  
  94  8:34  Stargate  
  94  8:37  Protoss Shields Level 2 (Chrono Boost)  
  94  8:54  Protoss Air Armor Level 2 (Chrono Boost), Protoss Air Weapons Level 2 (Chrono Boost)  
  94  9:00  Void Ray x2  
  102  9:29  Void Ray  
  102  9:30  Void Ray x3  
  102  9:31  Void Ray  
  122  9:43  Carrier  
  128  9:53  Carrier, Nexus  
  128  9:56  Assimilator  
  134  10:00  Assimilator  
  134  10:18  Carrier  
  128  11:36  Carrier  
  128  11:37  Carrier x4  
  158  12:02  Carrier x2  
  170  12:31  Protoss Air Weapons Level 3 (Chrono Boost)  
  170  12:44  Carrier  
  170  12:45  Carrier  
  182  13:16  Protoss Air Armor Level 3 (Chrono Boost)  
  116  14:50  Carrier x3  
  116  14:51  Carrier x4  
  152  15:54  Carrier x2  
  134  16:09  Carrier (Chrono Boost)  
  134  16:11  Carrier (Chrono Boost)  
  152  16:12  Carrier (Chrono Boost)  
  152  16:39  Carrier (Chrono Boost)  
  152  16:40  Carrier (Chrono Boost)  
  152  16:45  Nexus  
  164  17:20  Carrier x2 (Chrono Boost)  
  92  19:22  Carrier x2 (Chrono Boost)  
  92  19:23  Carrier (Chrono Boost)  
  110  19:24  Carrier x2 (Chrono Boost)  
  122  19:31  Assimilator  
  122  19:36  Assimilator  
  122  20:20  Nexus  
  122  20:23  Assimilator  
  122  20:27  Assimilator  
Show
View Real Time Build Order
Export as new Build Order

ingir Protoss - Winner!

Build Orders: Nexus First, Carriers 

Get SALT Encoding   

  12  0:01  Probe (Chrono Boost)  
  13  0:10  Probe (Chrono Boost)  
  14  0:15  Probe (Chrono Boost)  
  15  0:28  Pylon  
  15  0:46  Probe  
  16  0:58  Probe (Chrono Boost)  
  16  1:04  Nexus  
  17  1:10  Probe (Chrono Boost)  
  18  1:19  Probe (Chrono Boost)  
  18  1:25  Gateway  
  19  1:33  Forge  
  19  1:38  Probe, Pylon  
  20  1:44  Assimilator  
  20  1:50  Probe  
  20  1:51  Assimilator  
  21  2:03  Probe  
  23  2:15  Probe (Chrono Boost)  
  23  2:24  Probe (Chrono Boost)  
  25  2:33  Probe (Chrono Boost)  
  25  2:34  Probe (Chrono Boost)  
  25  2:35  Cybernetics Core  
  26  2:39  Probe x2 (Chrono Boost)  
  26  2:41  Photon Cannon  
  28  2:46  Photon Cannon  
  28  2:50  Probe  
  29  2:51  Probe  
  30  3:02  Probe  
  30  3:03  Probe  
  32  3:22  Photon Cannon  
  32  3:26  Shield Battery  
  32  3:29  Pylon  
  32  3:35  Shield Battery  
  32  3:40  Stargate  
  32  3:42  Stargate  
  32  3:46  Probe  
  32  3:47  Probe  
  34  3:50  Pylon  
  34  3:54  Protoss Shields Level 1 (Chrono Boost)  
  34  3:58  Probe  
  34  3:59  Probe  
  36  4:05  Protoss Air Weapons Level 1 (Chrono Boost)  
  36  4:14  Probe (Chrono Boost)  
  37  4:18  Photon Cannon  
  37  4:21  Assimilator  
  37  4:26  Probe (Chrono Boost), Assimilator  
  38  4:34  Void Ray, Probe (Chrono Boost)  
  43  4:54  Pylon  
  43  4:56  Probe  
  44  5:00  Probe  
  44  5:03  Pylon  
  45  5:09  Probe, Zealot  
  45  5:12  Probe  
  49  5:14  Void Ray  
  53  5:24  Probe  
  53  5:27  Photon Cannon  
  54  5:30  Photon Cannon  
  54  5:31  Shield Battery  
  54  5:35  Probe  
  55  5:37  Probe (Chrono Boost)  
  55  5:38  Photon Cannon  
  55  5:42  Photon Cannon  
  56  5:44  Shield Battery  
  56  5:47  Probe (Chrono Boost)  
  57  5:52  Void Ray  
  57  5:56  Probe (Chrono Boost)  
  62  6:01  Probe (Chrono Boost)  
  63  6:07  Twilight Council  
  63  6:09  Protoss Air Armor Level 1 (Chrono Boost)  
  63  6:11  Pylon  
  63  6:13  Probe  
  64  6:21  Void Ray  
  68  6:43  Nexus  
  68  6:46  Pylon  
  68  6:49  Pylon  
  68  6:52  Probe  
  69  7:01  Fleet Beacon  
  69  7:03  Void Ray  
  69  7:05  Probe  
  74  7:17  Probe  
  74  7:21  Photon Cannon  
  75  7:23  Photon Cannon  
  75  7:26  Photon Cannon  
  75  7:28  Photon Cannon  
  75  7:29  Probe  
  76  7:32  Shield Battery  
  76  7:34  Shield Battery  
  76  7:37  Void Ray  
  76  7:38  Assimilator  
  76  7:43  Assimilator  
  80  7:56  Probe (Chrono Boost)  
  81  8:00  Carrier  
  88  8:06  Probe (Chrono Boost)  
  88  8:11  Probe (Chrono Boost)  
  89  8:16  Stargate  
  89  8:23  Stargate  
  89  8:25  Stargate  
  89  8:27  Pylon  
  89  8:31  Pylon  
  89  8:35  Probe  
  90  8:47  Probe  
  91  8:59  Probe  
  92  9:11  Probe  
  93  9:19  Tempest x2  
  93  9:20  Carrier  
  93  9:21  Carrier x2  
  93  9:23  Probe  
  122  9:50  Protoss Shields Level 2 (Chrono Boost)  
  122  9:57  Protoss Air Armor Level 2 (Chrono Boost)  
  122  10:02  Carrier  
  128  10:10  Tempest  
  133  10:17  Pylon x2  
  133  10:19  Pylon  
  98  10:49  Photon Cannon  
  98  10:51  Pylon  
  98  10:56  Tempest x3  
  113  10:58  Carrier  
  119  11:09  Cybernetics Core  
  119  11:16  Photon Cannon  
  119  11:17  Photon Cannon  
  119  11:19  Shield Battery  
  119  11:27  Nexus  
  119  11:30  Assimilator  
  119  11:34  Assimilator  
  119  11:39  Pylon  
  118  12:11  Tempest x2  
  118  12:12  Tempest x3  
  140  13:01  Carrier x4  
  164  13:36  Carrier  
  159  14:05  Carrier  
  165  14:22  Carrier  
  165  14:24  Void Ray  
  165  14:31  Pylon x2  
  164  14:33  Void Ray  
  164  14:34  Pylon  
  164  14:36  Pylon  
  162  14:48  Void Ray  
  166  15:11  Nexus  
  166  15:13  Pylon  
  166  15:17  Pylon  
  166  15:20  Assimilator  
  166  15:26  Assimilator  
  166  16:20  Photon Cannon  
  166  16:21  Photon Cannon  
  166  16:23  Photon Cannon  
  166  16:25  Photon Cannon  
  166  16:28  Photon Cannon  
  166  16:29  Nexus  
  166  16:32  Shield Battery  
  166  16:33  Pylon  
  166  16:34  Shield Battery  
  166  16:37  Shield Battery, Pylon  
  166  16:39  Tempest x2  
  176  16:40  Carrier x3  
  176  16:41  Assimilator  
  176  16:47  Assimilator  
  134  17:22  Carrier  
  132  17:27  Tempest  
  125  17:44  Tempest x3  
  124  18:10  Tempest  
  109  18:26  Tempest  
  109  18:27  Tempest x3  
  129  18:51  Stargate  
  129  18:53  Stargate  
  129  18:54  Pylon  
  129  19:08  Photon Cannon  
  129  19:10  Photon Cannon  
  129  19:13  Photon Cannon  
  129  19:16  Photon Cannon  
  129  19:18  Carrier x3  
  129  19:21  Shield Battery  
  129  19:24  Shield Battery  
  147  19:32  Protoss Air Weapons Level 2 (Chrono Boost)  
  147  19:49  Tempest x2  
  157  20:59  Tempest x2  
Show
View Real Time Build Order
Export as new Build Order

RyuKey Terran - Winner!

Build Orders: Reaper Expand 

Get SALT Encoding   

  12  0:00  SCV  
  13  0:12  SCV  
  14  0:18  Supply Depot  
  14  0:25  SCV  
  15  0:39  SCV  
  15  0:41  Barracks  
  16  0:46  Refinery  
  16  0:51  SCV  
  17  1:03  SCV  
  18  1:16  SCV  
  19  1:28  Orbital Command  
  19  1:29  Reaper  
  20  1:44  Command Center  
  20  1:52  Supply Depot  
  20  1:55  SCV  
  21  2:01  Barracks Reactor  
  21  2:07  SCV  
  22  2:14  Refinery  
  22  2:19  SCV  
  23  2:25  Factory  
  23  2:32  SCV  
  24  2:44  SCV  
  25  2:47  Marine x2  
  27  2:54  Supply Depot  
  27  2:56  SCV, Orbital Command  
  28  3:08  SCV  
  29  3:14  Starport  
  29  3:15  Widow Mine  
  29  3:33  Marine x2  
  31  3:37  Widow Mine  
  33  3:45  SCV x2  
  34  3:57  SCV x2  
  34  3:59  Widow Mine  
  38  4:06  Marine x2  
  38  4:07  Medivac  
  42  4:11  SCV  
  42  4:12  SCV  
  44  4:18  Supply Depot  
  44  4:20  Widow Mine  
  44  4:24  SCV  
  47  4:25  SCV  
  47  4:26  Marine x2  
  50  4:36  SCV  
  50  4:37  SCV  
  52  4:43  Supply Depot  
  52  4:44  Liberator  
  52  4:45  Factory Tech Lab  
  55  4:48  SCV  
  55  4:49  Factory  
  55  4:52  SCV  
  57  5:00  SCV  
  57  5:04  SCV, Siege Tank  
  57  5:05  Supply Depot  
  57  5:06  Marine  
  63  5:10  Command Center  
  63  5:12  SCV  
  64  5:17  SCV  
  65  5:24  SCV, Marine  
  65  5:28  Supply Depot  
  67  5:29  SCV  
  66  5:45  SCV x2, Siege Tank  
  66  5:46  Starport Reactor  
  66  5:48  Widow Mine x2  
  73  6:03  Armory  
  73  6:06  Refinery x2  
  73  6:08  Supply Depot  
  73  6:12  SCV  
  73  6:13  SCV  
  73  6:14  Engineering Bay  
  73  6:15  Widow Mine x2  
  79  6:25  SCV x2  
  81  6:35  Widow Mine  
  81  6:36  Widow Mine  
  85  6:43  Orbital Command  
  85  6:47  Missile Turret  
  85  6:48  Missile Turret  
  85  6:52  Missile Turret  
  85  6:55  Refinery  
  85  6:56  Widow Mine, Thor  
  85  6:58  Refinery, Widow Mine  
  95  7:07  SCV  
  95  7:08  SCV  
  97  7:20  SCV  
  98  7:24  SCV x2  
  98  7:25  Hi-Sec Auto Tracking  
  100  7:32  SCV  
  101  7:39  Siege Tank  
  104  7:45  SCV  
  104  7:47  Widow Mine x2  
  104  7:48  Supply Depot  
  109  7:55  Missile Turret  
  109  7:56  Armory  
  109  7:57  Terran Vehicle Weapons Level 1  
  107  8:05  Factory  
  107  8:07  Factory  
  107  8:10  SCV  
  107  8:11  Siege Tank  
  111  8:20  Missile Turret  
  111  8:28  Supply Depot  
  111  8:33  Hellbat x2  
  115  8:45  Viking  
  117  8:49  Viking  
  117  8:52  Factory Tech Lab x2  
  117  8:53  Supply Depot  
  119  8:58  Supply Depot  
  119  8:59  SCV  
  119  9:00  Supply Depot  
  120  9:03  SCV  
  120  9:05  Command Center  
  120  9:06  Neosteel Armor  
  120  9:09  Terran Vehicle And Ship Armor Level 1  
  121  9:11  SCV  
  122  9:18  SCV x2  
  124  9:24  Thor x3  
  124  9:27  Hellbat x2  
  146  9:31  Supply Depot  
  146  9:33  Missile Turret  
  146  9:35  Viking x2  
  146  9:36  Missile Turret  
  150  9:38  Missile Turret  
  150  9:39  Missile Turret  
  150  9:40  Missile Turret  
  150  9:48  Hellbat x2  
  154  9:55  Supply Depot  
  154  9:57  Missile Turret  
  154  9:58  Missile Turret  
  154  10:02  Supply Depot  
  154  10:05  Supply Depot  
  154  10:06  Supply Depot  
  154  10:07  SCV x3, Thor  
  154  10:08  Hellbat  
  165  10:16  Thor  
  165  10:17  Missile Turret  
  165  10:19  Missile Turret  
  165  10:20  Missile Turret  
  171  10:25  Widow Mine x2  
  175  10:28  Drilling Claws, Thor  
  175  10:32  Mag-Field Accelerator  
  181  10:47  Widow Mine  
  183  10:50  Widow Mine, Thor  
  187  10:59  Thor  
  188  11:11  Thor  
  183  11:22  Viking  
  185  11:31  Viking  
  187  11:33  Thor  
  187  11:38  Orbital Command  
  193  11:40  Refinery  
  193  11:41  Refinery  
  193  11:42  SCV, Missile Turret, Thor  
  200  12:22  Terran Vehicle Weapons Level 2, Terran Vehicle And Ship Armor Level 2  
  200  12:26  Armory  
  198  12:52  Thor  
  196  13:18  Thor  
  196  13:19  Thor x2  
  198  13:20  Widow Mine  
  183  13:54  Widow Mine x2  
  182  14:01  Thor x2  
  194  14:03  Supply Depot  
  192  14:16  Missile Turret  
  189  14:17  Missile Turret  
  189  14:18  Missile Turret  
  189  14:19  Missile Turret  
  189  14:21  Missile Turret x2  
  189  14:24  Missile Turret, Thor  
  183  14:25  Missile Turret x3  
  189  14:35  Missile Turret  
  189  14:41  Missile Turret x3  
  189  14:43  Missile Turret  
  189  15:01  Viking  
  189  15:03  Command Center  
  189  15:13  Command Center  
  189  15:26  Terran Vehicle Weapons Level 3, Terran Vehicle And Ship Armor Level 3  
  189  15:27  Terran Ship Weapons Level 1  
  189  15:40  Thor  
  189  15:51  Refinery  
  189  15:55  Refinery  
  189  15:57  Refinery  
  189  15:58  Refinery  
  189  16:15  Viking x2, Thor  
  196  16:50  Thor  
  185  17:03  Thor x2  
  185  17:05  Widow Mine x2  
  185  17:07  Viking x2  
  191  17:26  Widow Mine x2  
  149  17:37  Viking  
  197  17:54  Terran Ship Weapons Level 2  
  187  18:22  Orbital Command  
  187  18:28  Orbital Command  
  114  19:46  Thor x3  
  114  19:48  Widow Mine x2  
  117  20:09  Widow Mine x2  
  118  20:29  Thor x2  
  130  20:38  Factory  
  130  20:42  Factory  
  130  20:43  Factory  
  130  20:45  Factory  
  130  20:47  Factory  
  130  20:55  Thor  
  136  20:58  Widow Mine  
  136  20:59  Widow Mine  
  152  21:20  Widow Mine x2  
  162  21:40  Factory Tech Lab  
  162  21:41  Factory Tech Lab x4  
Show
View Real Time Build Order
Export as new Build Order

Panito Terran - Winner!

Build Orders:  

Get SALT Encoding   

  12  0:01  SCV  
  13  0:13  SCV  
  14  0:21  Supply Depot  
  14  0:25  SCV  
  15  0:32  Refinery  
  15  0:43  Barracks  
  15  0:48  SCV  
  16  1:00  SCV  
  17  1:12  SCV  
  18  1:25  SCV, Refinery  
  19  1:36  Factory  
  19  1:37  SCV  
  20  1:57  Command Center  
  20  2:03  SCV  
  21  2:25  SCV  
  22  2:37  SCV  
  23  3:02  Barracks Tech Lab  
  23  3:09  SCV  
  24  3:24  SCV  
  25  3:31  Command Center  
  25  3:36  SCV  
  18  3:48  SCV  
  18  3:53  SCV  
  20  4:00  SCV  
  21  4:05  SCV  
  22  4:13  SCV  
  23  4:17  SCV  
  23  4:23  Refinery  
  24  4:25  SCV  
  24  4:29  SCV  
  26  4:37  SCV  
  27  4:41  SCV  
  28  4:49  SCV  
  29  4:53  SCV x2  
  29  4:55  Command Center  
  31  5:01  SCV  
  31  5:05  SCV  
  31  5:06  SCV  
  34  5:12  Refinery  
  34  5:13  SCV  
  35  5:15  Refinery  
  35  5:17  SCV  
  35  5:18  Refinery  
  36  5:25  SCV  
  37  5:29  SCV  
  38  5:37  SCV  
  38  5:41  SCV  
  40  5:49  SCV  
  41  5:52  SCV  
  41  5:53  SCV  
  43  6:01  SCV  
  43  6:04  SCV  
  45  6:05  SCV  
  46  6:13  SCV, Engineering Bay  
  46  6:17  SCV  
  48  6:26  SCV  
  48  6:28  SCV  
  48  6:30  SCV  
  51  6:38  SCV  
  52  6:40  SCV, Command Center  
  52  6:42  SCV  
  52  6:44  Refinery  
  54  6:52  SCV  
  54  6:54  SCV  
  56  6:55  Missile Turret  
  56  7:04  SCV  
  56  7:06  SCV  
  58  7:09  Refinery  
  58  7:14  Missile Turret  
  58  7:15  Planetary Fortress  
  58  7:16  SCV  
  58  7:18  SCV  
  60  7:28  SCV  
  61  7:30  SCV  
  61  7:33  Missile Turret  
  62  7:40  SCV  
  63  7:49  Terran Infantry Weapons Level 1  
  63  7:52  SCV, Missile Turret  
  63  7:54  Refinery  
  64  8:01  SCV  
  64  8:05  SCV  
  66  8:11  Missile Turret  
  66  8:13  SCV  
  66  8:17  SCV  
  66  8:18  Refinery  
  68  8:25  SCV, Command Center  
  69  8:29  SCV  
  69  8:32  Missile Turret  
  70  8:37  SCV  
  70  8:41  SCV  
  72  8:42  Command Center  
  72  8:49  SCV  
  72  8:51  Missile Turret  
  72  8:53  SCV  
  74  9:00  Starport x2  
  74  9:04  SCV  
  74  9:05  SCV  
  76  9:12  Missile Turret  
  76  9:15  Supply Depot x2  
  76  9:16  SCV, Supply Depot x2  
  77  9:17  SCV  
  77  9:18  Supply Depot  
  76  9:28  SCV  
  76  9:31  Missile Turret  
  75  9:38  Supply Depot, Refinery, Starport  
  73  9:39  Supply Depot, Starport  
  73  9:40  SCV  
  73  9:41  Supply Depot x2  
  73  9:43  Supply Depot, Terran Infantry Armor Level 1  
  72  9:49  Missile Turret  
  72  9:53  SCV  
  72  9:56  Refinery  
  73  10:01  SCV  
  73  10:02  Supply Depot  
  73  10:04  Supply Depot x2, Refinery  
  73  10:06  Supply Depot  
  74  10:08  Supply Depot  
  74  10:11  Missile Turret, Fusion Core  
  74  10:14  SCV  
  75  10:20  Starport x2  
  75  10:22  Refinery  
  75  10:26  SCV  
  75  10:27  Supply Depot  
  74  10:31  Missile Turret, Starport Tech Lab x4  
  74  10:38  SCV, Command Center  
  65  10:50  SCV  
  65  10:53  Missile Turret  
  65  10:58  Starport  
  65  10:59  Starport  
  65  11:08  Missile Turret x2  
  65  11:13  Missile Turret  
  65  11:20  Starport Tech Lab  
  65  11:21  Starport Tech Lab  
  63  11:29  Weapon Refit  
  63  11:32  Battlecruiser x3  
  83  11:33  Battlecruiser  
  79  11:40  Armory  
  56  12:17  Battlecruiser x2  
  68  12:27  Armory  
  91  12:37  Battlecruiser  
  91  12:43  SCV  
  92  12:55  SCV  
  93  13:07  SCV  
  28  16:32  Barracks  
  28  16:33  Barracks x2  
  28  16:34  Command Center  
  28  16:36  Barracks x2  
  28  16:37  Barracks  
  28  16:38  Barracks  
  28  16:39  Barracks  
  28  16:41  Barracks  
  28  16:44  Command Center  
  28  17:39  Barracks Reactor  
  28  17:40  Barracks Reactor x8  
  28  18:00  Command Center  
  28  18:01  SCV  
  28  18:04  SCV, Command Center  
  30  18:13  SCV  
  30  18:15  Marine x2  
  30  18:16  SCV, Marine x16  
  50  18:25  SCV  
  51  18:27  Supply Depot  
  51  18:28  SCV  
  51  18:29  Supply Depot  
  51  18:33  Marine x7  
  51  18:34  Marine x11  
  63  18:38  SCV  
  63  18:40  SCV  
  72  18:50  SCV  
  72  18:51  Marine x12  
  72  18:52  SCV, Marine x6  
  92  19:09  Marine x17  
  104  19:10  Marine  
  110  19:26  Marine x2  
  110  19:27  Marine x16  
  128  19:32  SCV  
  128  19:34  SCV  
  130  19:44  Marine x2  
  130  19:45  SCV, Marine x4  
  137  19:46  Marine x4  
  137  19:47  SCV, Marine  
  143  19:57  SCV  
  143  19:59  SCV  
  145  20:09  SCV  
  145  20:11  SCV  
  146  20:21  SCV  
  147  20:22  Marine x11  
  147  20:23  SCV, Marine x5  
  164  20:40  Marine x6  
Tags
 
Add a new tag
Caveats
  • Supply blocks, unpowered buildings, or Contaminate may cause inaccurate times.
  • Supply counts are checked every 10 seconds.